 Dungeon Crawl Stone Soup version 0.17-a0-1570-g74b7129 (webtiles) character file.

29 Chiseanne the Covered (level 3, 0/27 HPs)
             Began as a Demonspawn Wanderer on July 23, 2015.
             Slain by a gnoll
             ... wielding a +0 halberd
              (16 damage)
             ... on level 2 of the Dungeon.
             The game lasted 00:02:19 (1042 turns).

Chiseanne the Covered (Demonspawn Wanderer)         Turns: 1042, Time: 00:02:19

Health: 0/27       AC:  5    Str: 11    XL:     3   Next: 1%
Magic:  3/3        EV:  9    Int: 16    God:
Gold:   28         SH:  0    Dex: 11    Spells: 0 memorised, 2 levels left

rFire  . . .     SeeInvis .     a - +2 dagger (venom)
rCold  . . .     Clarity  .     c - +0 ring mail
rNeg   . . .     SustAt   .     (no shield)
rPois  .         Gourm    .     (helmet restricted)
rElec  .         Spirit   .     (no cloak)
rCorr  .         Warding  .     (no gloves)
rMut   .         Stasis   .     (no boots)
MR     .....                    (no amulet)
Stlth  +.........               (no ring)
                                (no ring)

@: not resistant to hostile enchantments, very unstealthy
A: antennae 2
a: no special abilities


You were on level 2 of the Dungeon.
You were not hungry.

You visited 1 branch of the dungeon, and saw 2 of its levels.

You collected 28 gold pieces.

Inventory:

Hand weapons
 a - a +2 dagger of venom (weapon)
 j - a +2 vampiric whip
Armour
 c - a +0 ring mail (worn)
Jewellery
 q - a cursed ring of teleportation
Scrolls
 g - a scroll of remove curse {unknown}
 k - a scroll of noise {unknown}
 l - a scroll of identify
Potions
 b - a potion of heal wounds
 d - a potion of lignification
 f - 2 potions of beneficial mutation {unknown}
 h - a potion of agility {unknown}
 n - a potion of might {unknown}
 p - a potion of degeneration {unknown}
Comestibles
 e - 2 bread rations
 i - 2 chunks of flesh


   Skills:
 * Level 2.0 Fighting
   Level 1.7 Crossbows
 * Level 3.3 Armour
 - Level 2.6 Stealth
 - Level 1.0 Evocations


You had 2 spell levels left.
You didn't know any spells.

Dungeon Overview and Level Annotations

Branches:
Dungeon (2/15)

Altars:


Innate Abilities, Weirdness & Mutations

You have a pair of antennae on your head.


Message History

The gnoll closely misses you.
The gnoll moves out of view.
Found 2 fruits.
A hobgoblin comes into view.
A rat comes into view.
The gnoll hits you from afar with a spear.
The hobgoblin barely misses you. The gnoll closely misses you.
You hit the gnoll.
The gnoll is poisoned.
The gnoll is moderately wounded.
The gnoll hits you from afar with a spear.
The gnoll barely misses you. The hobgoblin barely misses you.
The gnoll hits you but does no damage.
You closely miss the hobgoblin.
The gnoll hits you from afar with a spear.
The gnoll hits you with a halberd. The hobgoblin misses you.
The gnoll closely misses you.
A giant gecko comes into view.
The giant gecko moves out of view.
The gnoll hits you from afar with a halberd!
Ouch! That really hurt!
You die...

.... .... ..
.?. #.### ..
....#
######.##...$#
....%.g.#....#
......g.#....#
.....gg......#
......g#@....#
......r#.#+###
.......#.#.#
.......#.#.#
.......#...#
#########..#
#####
#####..#####
#)..#
#..........#
#...#
#..........#


You could see 3 gnolls and a hobgoblin.

Vanquished Creatures
  An adder (D:2)
  A giant gecko (D:1)
  2 bats (D:1)
  3 giant cockroaches
  2 hobgoblins (D:1)
  4 jackals (D:1)
  A giant newt (D:1)
  2 goblins (D:1)
  2 rats (D:1)
18 creatures vanquished.

Notes
Turn   | Place    | Note
--------------------------------------------------------------
     0 | D:1      | Chiseanne the Demonspawn Wanderer began the quest for the Orb.
     0 | D:1      | Chiseanne set off with: a +2 dagger, a potion of heal wounds, a +0 ring mail, a potion of lignification, a bread ration
     0 | D:1      | Reached XP level 1. HP: 15/15 MP: 1/1
   242 | D:1      | Reached skill level 3 in Armour
   282 | D:1      | Gained mutation: You have a pair of small antennae on your head. [demonic ancestry]
   282 | D:1      | Reached XP level 2. HP: 21/21 MP: 2/2
  1027 | D:2      | Gained mutation: You have a pair of antennae on your head. [demonic ancestry]
  1027 | D:2      | Reached XP level 3. HP: 25/27 MP: 3/3
  1042 | D:2      | Slain by a gnoll

Vault maps used:
D:1:      lightli_arrival_statue_moat, grunt_decor_fettered
D:2:      bloody_trog, minmay_misc_feat_four_crosses

Action                   || total
-------------------------++-------
Melee: Dagger            ||    52
  Use: Scroll            ||     5
